 Dungeon Crawl Stone Soup version 0.28.0-47-ge53b351184 (webtiles) character file.

Game seed: 4192936804162461471

175 issech the Cudgeller (level 5, -8/53 HPs)
             Began as a Troll Monk on May 8, 2022.
             Killed by divine providence
             ... invoked by an orc priest
              (14 damage)
             ... on level 2 of the Dungeon.
             The game lasted 00:05:18 (1385 turns).

issech the Cudgeller (Troll Monk)                   Turns: 1385, Time: 00:05:19

Health: -8/53      AC:  4    Str: 19    XL:     5   Next: 29%
Magic:  4/4        EV: 10    Int:  6    God:
Gold:   67         SH:  0    Dex: 14    Spells: 4/4 levels left

rFire   . . .      SeeInvis .   a - +0 mace
rCold   . . .      Faith    .   (no shield)
rNeg    . . .      Spirit   .   b - +0 robe
rPois   .          Reflect  .   (helmet restricted)
rElec   .          Harm     .   (no cloak)
rCorr   .          Rampage  .   (gloves unavailable)
Will    .....                   (boots unavailable)
Stlth   ++........              (no amulet)
HPRegen 0.97/turn               (no ring)
MPRegen 0.09/turn               (no ring)

@: no status effects
A: large, unfitting armour, claws 3, regeneration 1, shaggy fur 1, tough skin 1
a: no special abilities


You were on level 2 of the Dungeon.
You visited 1 branch of the dungeon, and saw 3 of its levels.

You collected 67 gold pieces.

Inventory:

Hand Weapons
 a - a +0 mace (weapon)
Missiles
 c - 6 poisoned darts
 d - 61 stones
 k - 15 bolts
 l - 2 boomerangs (quivered)
Armour
 b - a +0 robe (worn)
 m - a scarf of harm
Jewellery
 i - an amulet of faith
Scrolls
 f - 2 scrolls of identify {unknown}
 g - a scroll of acquirement {unknown}
 h - 2 scrolls of teleportation {unknown}
Potions
 e - 2 potions of curing {unknown}
 j - 2 potions of haste {unknown}


   Skills:
 + Level 3.0 Fighting
 + Level 4.4 Maces & Flails
 + Level 3.1 Dodging
 + Level 1.2 Stealth


You had 4 spell levels left.
You didn't know any spells.
Your spell library was empty.

Dungeon Overview and Level Annotations

Branches:
Dungeon (3/15)

Altars:


Innate Abilities, Weirdness & Mutations

You are too large for most types of armour.
You have claws for hands.
Your natural rate of healing is unusually fast.
You are covered in fur. (AC +1)
You have tough skin. (AC +1)


Message History

There is a stone staircase leading up here.
The orc barely misses you.
The orc wizard hits you with a +0 dagger.
The orc priest barely misses you.
You climb upwards.
There is a stone staircase leading down, spattered with blood here.
You completely miss the orc wizard. The orc hits you but does no damage.
The orc wizard hits you with a +0 dagger.
The orc priest closely misses you.
You closely miss the orc priest. The orc barely misses you.
The orc wizard casts a spell at you. The magic dart hits you!
The orc priest hits you with a +0 whip. The orc hits you but does no damage.
You closely miss the orc priest.
The orc wizard hits you but does no damage.
The orc priest mumbles some strange prayers to Beogh against you.
Beogh smites you!
* * * LOW HITPOINT WARNING * * *
The orc hits you but does no damage.
The orc wizard hits you but does no damage.
You completely miss the orc priest. The orc priest barely misses you.
The orc hits you with a +0 short sword.
* * * LOW HITPOINT WARNING * * *
The orc wizard points at you and mumbles some strange words.
You resist with some effort.
You closely miss the orc priest.
The orc priest casts a cantrip, but nothing happens.
The orc closely misses you.
The orc wizard hits you but does no damage.
The orc priest hits you with a +0 whip.
* * * LOW HITPOINT WARNING * * *
You hit the orc priest.
The orc priest is moderately wounded.
The orc hits you with a +0 short sword.
* * * LOW HITPOINT WARNING * * *
The orc wizard hits you with a +0 dagger.
* * * LOW HITPOINT WARNING * * *
The orc priest calls down the wrath of Beogh upon you.
Beogh smites you!
You die...

#....†#.<._.#....##...#..#...#.
#.##..#.....#.#..............†.
#.##..#######..#.###...##......
#..............#.###...........
#.#####.#........##...#..#...#.
#.#####.######.####............
#.......# #.# ##..#[...#....
#.####### #o###...........#.
#.# #@#.#..#......#.#. #.#
########oo#............#. #.#
#....)..........##.######
#.#####.#####.#....#####.# #
#...........<......##....# #
#######.#####.#..........# #
#.#####.#######.##.# #
#.......# ###.##.## # #########
#.......#####


You could see an orc priest, an orc wizard and an orc.

Vanquished Creatures
  An orc wizard (D:2)
  Natasha (thrice) (D:2)
  An adder (D:2)
  2 dart slugs (D:2)
  2 worms (D:2)
  An orc (D:3)
  7 ball pythons
  7 bats
  5 endoplasms
  4 giant cockroaches
  2 goblins (D:1)
  7 hobgoblins
  7 kobolds
  2 frilled lizards
  5 rats (D:2)
56 creatures vanquished.

Notes
Turn   | Place    | Note
-------+----------+-------------------------------------------
     0 | D:1      | issech the Troll Monk began the quest for the Orb.
     0 | D:1      | Reached XP level 1. HP: 22/22 MP: 0/0
   137 | D:1      | Reached XP level 2. HP: 29/29 MP: 1/1
   174 | D:1      | Reached skill level 3 in Maces & Flails
   377 | D:1      | Reached XP level 3. HP: 36/36 MP: 2/2
   855 | D:2      | Noticed Natasha
   869 | D:2      | Killed Natasha
   870 | D:2      | Reached XP level 4. HP: 21/44 MP: 3/3
  1017 | D:2      | Found a faded altar of an unknown god.
  1083 | D:2      | Reached skill level 4 in Maces & Flails
  1158 | D:2      | Noticed Natasha
  1163 | D:2      | Killed Natasha
  1173 | D:2      | Noticed Natasha
  1188 | D:2      | Killed Natasha
  1189 | D:2      | Reached XP level 5. HP: 36/52 MP: 4/4
  1385 | D:2      | Killed from afar by an orc priest

Illustrated notes

Levels and vault maps discovered:
D:1:      amcnicky_arrival_double_pillar, layout_rooms, minmay_misc_feat_doors
D:2:      layout_loops_cross, nicolae_ecumenical_oubliette,
          minmay_misc_feat_more_columns, uniq_natasha
D:3:      minmay_razor_zed, layout_basic, nicolae_overflow_hidden_temple,
          uniq_terence

Skill      XL: |  1  2  3  4  5 |
---------------+----------------+-----
Maces & Flails | 3 4 |  4.4
Dodging        | 3 |  3.1
Fighting       | 3 |  3.0
Stealth        | |  1.2

Action                   |  1- 3 |  4- 6 || total
-------------------------+-------+-------++-------
Melee: Mace              |   129 |    77 ||   206
       Punch             |     3 |       ||     3
 Stab: Sleeping          |     2 |     2 ||     4
Armor: Robe              |    52 |    45 ||    97
Dodge: Dodged            |    78 |    49 ||   127
